 Dungeon Crawl Stone Soup version 0.29.1-2-gbd0b4ee654 (webtiles) character file.

Game seed: 16438863799002865142

10071 PhantomBowie the Cleaver (level 11, -6/84 (102) HPs)
             Began as a Hill Orc Berserker on Nov 23, 2022.
             Was a High Priest of Trog.
             Mangled by a gnoll
             ... wielding a +2 halberd of electrocution
              (11 damage)
             ... in a bailey.
             The game lasted 00:29:46 (7806 turns).

PhantomBowie the Cleaver (Hill Orc Berserker)       Turns: 7806, Time: 00:29:47

HP:   -6/84 (102)   AC: 21    Str: 27    XL:     11   Next: 56%
MP:   11/11         EV: 11    Int:  7    God:    Trog [*****.]
Gold: 683           SH:  0    Dex: 10    Spells: 10/10 levels left

rFire   . . .      SeeInvis +   s - +2 war axe (vorpal)
rCold   . . .      Faith    .   (no shield)
rNeg    . . .      Spirit   .   v - +5 chain mail of Indecent Exposure {Regen+ Str+2 SInv}
rPois   .          Reflect  .   p - +1 helmet
rElec   .          Harm     .   A - +1 cloak {Will+}
rCorr   .          Rampage  .   (no gloves)
Will    +....                   (no boots)
Stlth   ..........              (no amulet)
HPRegen 1.04/turn               h - +4 ring of slaying
MPRegen 0.12/turn               (no ring)

@: heavily drained
A: no striking features
a: Renounce Religion, Berserk, Trog's Hand, Brothers in Arms


You were in a bailey.
You worshipped Trog.
Trog was extremely pleased with you.
You visited 2 branches of the dungeon, and saw 10 of its levels.
You also visited: Bailey.

You collected 683 gold pieces.

Inventory:

Hand Weapons
 s - a +2 vorpal war axe (weapon)
 C - a +5 vorpal bardiche
 E - a +0 arbalest
Missiles
 u - a throwing net (quivered)
Armour
 p - a +1 helmet (worn)
 v - the +5 chain mail of Indecent Exposure (worn) {Regen+ Str+2 SInv}
   (You found it on level 6 of the Dungeon)

   Str:       It affects your strength (+2).
   SInv:      It lets you see invisible.
   Regen:     It increases your rate of health regeneration.
 A - a +1 cloak of willpower (worn)
Jewellery
 h - a +4 ring of slaying (left hand)
Wands
 q - a wand of mindburst (43)
 r - a wand of roots (7)
 z - a wand of charming (5)
 F - a wand of flame (10)
Scrolls
 a - 2 scrolls of enchant weapon {unknown}
 b - 3 scrolls of teleportation
 g - a scroll of butterflies {unknown}
 i - a scroll of enchant armour {unknown}
 j - a scroll of fear {unknown}
 l - 2 scrolls of magic mapping
 x - a scroll of silence {unknown}
 y - a scroll of poison {unknown}
 B - 2 scrolls of identify
Potions
 c - 3 potions of haste
 d - 2 potions of heal wounds
 e - a potion of invisibility
 f - 4 potions of might
 k - a potion of mutation
 m - 3 potions of curing
 n - 2 potions of lignification
 o - 6 potions of magic
 t - 4 potions of cancellation {unknown}
 w - 2 potions of flight
 D - a potion of ambrosia {unknown}


   Skills:
 + Level 11.3 Fighting
 + Level 12.3 Axes
 + Level 10.1 Armour
 + Level 7.7 Dodging


You had 10 spell levels left.
You didn't know any spells.
Your spell library was empty.

Dungeon Overview and Level Annotations

Branches:
Dungeon (9/15)             Temple (1/1) D:5            Lair (0/5) D:9
 Bailey (1/1)
    Orc: D:9-12

Altars:
Cheibriados
Dithmenos
Elyvilon
Fedhas
Gozag
Hepliaklqana
Kikubaaqudgha
Makhleb
Ru
Sif Muna
Trog
Uskayaw
Vehumet
Wu Jian
Xom
The Shining One


Message History

The orc warrior is lightly wounded.
You slash the orc warrior!
The orc warrior is severely wounded.
The gnoll hits you but does no damage.
The gnoll hits you from afar with a +0 halberd of draining!
You feel drained.
The orc warrior hits you with a +2 halberd of electrocution!
You are electrocuted!!
* * * LOW HITPOINT WARNING * * *
The orc warrior hits you but does no damage.
There is an open door here.
You see here a +0 halberd of draining.
You see here a +1 halberd of draining.
There is an open door, spattered with blood here.
There is a fountain of blood here.
There is an open door here.
There is an open door here.
You see here a +0 halberd of electrocution.
You see here a +2 halberd of electrocution.
There is an open door here.
There is a fountain of clear blue water here.
There is an open door here.
The orc warrior hits you with a +2 halberd of electrocution!
* * * LOW HITPOINT WARNING * * *
There is an open door, spattered with blood here.
You hit the orc warrior.
The orc warrior is almost dead.
The gnoll hits you from afar with a +2 halberd of electrocution.
* * * LOW HITPOINT WARNING * * *
You are electrocuted!
* * * LOW HITPOINT WARNING * * *
The orc warrior hits you with a +2 halberd of electrocution.
* * * LOW HITPOINT WARNING * * *
You slash the orc warrior!
You kill the orc warrior!
Trog accepts your kill. The gnoll closely misses you.
The gnoll misses you. x2; The orc barely misses you.
The gnoll hits you from afar with a +2 halberd of electrocution!
You die...

### ### ##### ### ###
#.###.###.))###)###∩#
##'##'##'###'##'##'##
##....@## ##.....##
###.....#####.....###
#.'..⌠g)'.#)'..∩..')#
###..og.#####.....###
##.....## ##.....##
##'##'##'###'##'##'##
#)###)###)#)###)###.#
#)# ### ##### ### ###
#.###)###.#.# #.


You could see 2 gnolls and an orc.

Vanquished Creatures
  A two-headed ogre (D:9)
  A boulder beetle (D:8)
  A centaur warrior (D:8)
  Maurice (D:8)
  An elephant (D:9)
  A troll (D:7)
  Sigmund (D:5)
  A wraith (D:8)
  9 yaks
  A basilisk (D:9)
  A wyvern (D:8)
  Grum (D:8)
  An acid dragon (D:8)
  4 water moccasins
  5 orc warriors
  A sky beast (D:8)
  An ice beast (D:7)
  3 black bears
  2 ogres
  4 wolves
  3 centaurs (D:9)
  A kobold brigand (D:9)
  2 phantoms (D:5)
  Blork the orc (D:5)
  8 bullfrogs
  3 gnoll sergeants
  4 scorpions
  4 necrophages (D:4)
  12 killer bees (D:9)
  3 howler monkeys
  5 hounds
  3 jellies
  3 orc priests
  A gnoll bouda (D:5)
  3 iguanas
  3 orc wizards
  A scorpion zombie (D:4)
  2 hound zombies (D:4)
  Robin (D:4)
  28 gnolls
  8 adders
  2 white imps
  An ufetubus (D:4)
  4 worms
  3 dart slugs
  22 orcs
  7 ball pythons
  7 endoplasms
  3 giant cockroaches
  20 goblins
  9 hobgoblins
  14 jackals
  6 quokkas
  3 bats
  6 frilled lizards
  8 kobolds
  3 rats (D:2)
  A bush (D:4)
259 creatures vanquished.

Vanquished Creatures (others)
  2 bushes (D:4)
  A fungus (D:9)
  11 plants (D:4)
14 creatures vanquished.

Grand Total: 273 creatures vanquished

Notes
Turn   | Place    | Note
-------+----------+-------------------------------------------
     0 | D:1      | PhantomBowie the Hill Orc Berserker began the quest for the
                  | Orb.
     0 | D:1      | Reached XP level 1. HP: 19/19 MP: 1/1
   345 | D:1      | Reached XP level 2. HP: 27/27 MP: 2/2
   729 | D:1      | Reached XP level 3. HP: 19/33 MP: 3/3
  1702 | D:2      | Found a burning altar of Makhleb.
  1801 | D:2      | Reached ** piety under Trog
  1805 | D:2      | Reached XP level 4. HP: 40/40 MP: 4/4
  2090 | D:3      | Reached skill level 5 in Axes
  2168 | D:3      | Found a faded altar of an unknown god.
  2397 | D:3      | Reached XP level 5. HP: 47/47 MP: 5/5
  2833 | D:4      | Reached skill level 5 in Fighting
  2837 | D:4      | Reached XP level 6. HP: 56/56 MP: 6/6
  2846 | D:4      | Reached *** piety under Trog
  2991 | D:4      | Noticed a black bear
  3008 | D:4      | Killed a black bear
  3009 | D:4      | Reached skill level 6 in Axes
  3027 | D:4      | Noticed Robin
  3032 | D:4      | Reached XP level 7. HP: 61/61 MP: 7/7
  3036 | D:4      | Killed Robin
  3081 | D:4      | Reached **** piety under Trog
  3244 | D:4      | Found a blossoming altar of Fedhas.
  3300 | D:4      | Reached skill level 5 in Armour
  3492 | D:5      | Entered Level 5 of the Dungeon
  3499 | D:5      | Reached skill level 7 in Axes
  3499 | D:5      | Reached XP level 8. HP: 65/71 MP: 8/8
  3508 | D:5      | Noticed Sigmund
  3524 | D:5      | Killed Sigmund
  3753 | D:5      | Found a staircase to the Ecumenical Temple.
  3759 | Temple   | Entered the Ecumenical Temple
  4015 | D:5      | Reached skill level 8 in Axes
  4433 | D:5      | Noticed Blork the orc
  4437 | D:5      | Killed Blork the orc
  4438 | D:5      | Reached XP level 9. HP: 79/79 MP: 9/9
  4756 | D:5      | Reached skill level 5 in Dodging
  5158 | D:6      | Identified the +5 chain mail of Indecent Exposure {Regen+
                  | Str+2 SInv}
  5344 | D:6      | Reached skill level 9 in Axes
  6093 | D:7      | Noticed a troll
  6101 | D:7      | Killed a troll
  6132 | D:7      | Reached XP level 10. HP: 91/91 MP: 10/10
  6210 | D:7      | Reached ***** piety under Trog
  6383 | D:8      | Noticed Grum
  6393 | D:7      | Reached skill level 10 in Axes
  6422 | D:8      | Killed Grum
  6456 | D:8      | Noticed Maurice
  6478 | D:8      | Killed Maurice
  6594 | D:8      | Noticed a boulder beetle
  6597 | D:8      | Noticed a centaur warrior
  6675 | D:8      | Killed a centaur warrior
  6676 | D:8      | Reached skill level 10 in Fighting
  6686 | D:8      | Killed a boulder beetle
  6687 | D:8      | Reached skill level 11 in Axes
  6895 | D:8      | Reached XP level 11. HP: 84/101 MP: 11/11
  7098 | D:9      | Received a gift from Trog
  7129 | D:9      | Found a staircase to the Lair.
  7130 | D:9      | Noticed a two-headed ogre
  7146 | D:9      | Killed a two-headed ogre
  7263 | D:9      | Reached skill level 12 in Axes
  7397 | D:9      | Reached skill level 10 in Armour
  7492 | D:9      | Found a flagged portal.
  7532 | Bailey   | Entered a bailey
  7803 | Bailey   | HP: 4/84 [gnoll/+2 halberd of electrocution (12)]
  7806 | Bailey   | Mangled by a gnoll

Illustrated notes

Levels and vault maps discovered:
D:1:      evilmike_arrival_rings, layout_loops_corners, patterned_corridor
D:2:      layout_rooms, basic_altar
D:3:      layout_basic, basic_ecumenical_altar,
          amcnicky_mini_rare_corridor_liquid, nicolae_eternal_life,
          minmay_pentangle
D:4:      layout_rooms, fedhas_altar_decomposition, hangedman_decor_growths,
          uniq_robin
D:5:      layout_basic, minmay_temple_entry_hall, kennysheep_generic_room_3,
          uniq_sigmund, uniq_blork_the_orc
D:6:      layout_cave_pods
D:7:      layout_loops_ring
D:8:      layout_rooms, minmay_diamond_spiral, uniq_grum, uniq_maurice
D:9:      layout_roguey, david_lair_generic, enter_bailey_7,
          hangedman_minor_gate_pass
Temple:   eino_temple_water
Bailey:   bailey_polearm_nasty_gnolls, bailey

Skill      XL: |  1  2  3  4  5  6  7  8  9 10 11 |
---------------+----------------------------------+-----
Fighting       | 4 5 6 7 9 10 11 | 11.3
Dodging        | 2 3 4 5 7 |  7.7
Armour         | 3 4 5 6 7 9 10 | 10.1
Axes           | 5 6 7 8 9 11 12 | 12.3

Action                   |  1- 3 |  4- 6 |  7- 9 | 10-12 || total
-------------------------+-------+-------+-------+-------++-------
Melee: Hand axe          |    90 |   139 |     7 |       ||   236
       Punch             |       |     2 |     5 |     1 ||     8
       War axe           |       |       |   201 |   218 ||   419
       Bardiche          |       |       |       |    33 ||    33
Invok: Berserk           |     1 |       |     1 |     3 ||     5
  Use: Scroll            |       |       |    13 |       ||    13
Armor: Animal skin       |     6 |       |       |       ||     6
       Plate armour      |    20 |    75 |    89 |       ||   184
       Chain mail        |    14 |       |    19 |   171 ||   204
Dodge: Dodged            |    30 |    56 |    78 |   190 ||   354
